Map: Dusk Towers

Players

SticklerMac

  • Race: Zerg Zerg
  • League: Platinum

DrPlato - Winner!

  • Race: Protoss Protoss
  • League: Platinum

VOD

Have the link to the VOD?

Description

Time

  • Played on: Nov. 14, 2015, 9:34 p.m.
  • Length: 13:13
Show
View Real Time Build Order
Export as new Build Order

SticklerMac Zerg 

Build Orders: Hatch First 

Get SALT Encoding   

  12  0:01  Drone  
  13  0:13  Overlord  
  13  0:17  Drone  
  14  0:31  Drone x2  
  14  0:35  Drone  
  17  0:54  Hatchery  
  17  0:56  Drone  
  17  1:01  Drone, Extractor  
  17  1:07  Drone  
  18  1:22  Drone  
  18  1:25  Spawning Pool  
  18  1:38  Drone  
  19  1:43  Drone  
  20  1:56  Drone  
  21  2:02  Drone  
  22  2:10  Drone  
  22  2:11  Metabolic Boost  
  22  2:12  Queen x2  
  27  2:18  Drone  
  27  2:30  Overlord  
  27  2:33  Zergling x2  
  28  2:39  Overlord  
  28  2:48  Lair  
  28  2:53  Drone x4  
  28  2:54  Zergling x2  
  33  3:00  Zergling x2  
  33  3:05  Drone  
  35  3:08  Queen  
  35  3:10  Drone  
  38  3:14  Extractor  
  38  3:16  Drone  
  38  3:19  Spore Crawler  
  37  3:23  Spore Crawler  
  36  3:28  Drone x3  
  36  3:30  Drone  
  40  3:46  Queen  
  42  3:50  Spire  
  41  4:00  Extractor  
  41  4:01  Drone x3  
  41  4:02  Drone  
  44  4:03  Extractor  
  44  4:07  Drone  
  44  4:08  Overlord  
  44  4:16  Overlord x2  
  44  4:27  Drone x4  
  44  4:30  Drone  
  44  4:31  Drone  
  50  4:32  Drone  
  50  4:37  Overlord  
  51  4:41  Drone  
  51  4:42  Drone  
  53  4:45  Drone  
  53  4:50  Drone  
  55  4:56  Overseer  
  55  4:59  Pneumatized Carapace  
  55  5:02  Mutalisk x2  
  55  5:05  Mutalisk  
  61  5:23  Mutalisk x3  
  67  5:29  Mutalisk  
  69  5:43  Mutalisk  
  71  5:53  Overseer  
  71  5:59  Mutalisk  
  71  6:00  Mutalisk  
  75  6:16  Overlord  
  75  6:17  Overlord x4  
  75  6:35  Hatchery  
  74  6:42  Mutalisk x4  
  80  6:57  Mutalisk  
  80  6:58  Mutalisk  
  82  7:10  Zerg Flyer Weapons Level 1  
  82  7:41  Overlord  
  82  7:44  Drone x4  
  82  7:45  Drone x7  
  93  7:53  Mutalisk  
  93  7:56  Mutalisk x2  
  99  8:06  Mutalisk x3  
  105  8:16  Mutalisk  
  105  8:18  Mutalisk  
  106  8:34  Hatchery  
  106  8:39  Mutalisk x2  
  107  8:46  Mutalisk  
  108  8:51  Drone x5  
  108  8:52  Drone x7  
  119  8:56  Extractor  
  119  8:59  Extractor  
  119  9:00  Corruptor  
  119  9:08  Corruptor  
  121  9:14  Overseer  
  121  9:17  Zergling x2  
  122  9:26  Overlord x2  
  122  9:27  Overlord x5  
  122  9:28  Overlord  
  122  9:34  Overlord  
  122  9:35  Overlord  
  122  9:47  Infestation Pit  
  122  9:49  Zerg Flyer Armor Level 1  
  121  10:02  Queen, Zergling x4  
  121  10:03  Queen x3  
  121  10:05  Drone  
  121  10:06  Drone x6  
  121  10:07  Drone x2  
  140  10:29  Extractor  
  140  10:30  Corruptor x3  
  140  10:31  Extractor  
  138  10:36  Zergling x14  
  138  10:37  Zergling x6  
  136  10:55  Mutalisk x6  
  136  10:56  Mutalisk x5  
  158  11:07  Zergling x2  
  159  11:15  Corruptor  
  159  11:16  Corruptor x2  
  147  11:28  Mutalisk  
  147  11:29  Mutalisk  
  110  11:43  Corruptor x2  
  96  11:51  Zergling x2  
  96  11:52  Zergling x14  
  101  12:02  Corruptor x2  
  101  12:06  Queen  
  99  12:18  Mutalisk x2  
  69  12:48  Zergling x10  
  69  12:49  Zergling x2  
Show
View Real Time Build Order
Export as new Build Order

DrPlato Protoss - Winner!

Build Orders:  

Get SALT Encoding   

  12  0:01  Probe (Chrono Boost)  
  13  0:12  Probe (Chrono Boost)  
  14  0:20  Pylon  
  14  0:27  Probe (Chrono Boost)  
  15  0:39  Probe (Chrono Boost)  
  15  0:40  Gateway  
  16  0:47  Assimilator  
  16  0:49  Probe (Chrono Boost)  
  17  1:00  Probe (Chrono Boost)  
  18  1:10  Probe (Chrono Boost)  
  19  1:21  Probe (Chrono Boost)  
  20  1:31  Cybernetics Core, Probe (Chrono Boost)  
  21  1:42  Probe (Chrono Boost)  
  22  1:50  Nexus  
  22  1:52  Probe (Chrono Boost)  
  23  2:13  Pylon  
  23  2:17  Warp Gate  
  23  2:25  Assimilator  
  23  2:31  Probe (Chrono Boost), Zealot  
  26  2:42  Mothership Core (Chrono Boost)  
  28  2:59  Robotics Facility  
  28  3:01  Probe (Chrono Boost)  
  29  3:09  Pylon  
  29  3:11  Probe x2 (Chrono Boost)  
  31  3:21  Probe (Chrono Boost)  
  31  3:22  Probe (Chrono Boost)  
  31  3:26  Pylon  
  33  3:32  Probe x2 (Chrono Boost)  
  35  3:36  Assimilator  
  35  3:38  Assimilator  
  34  3:42  Probe (Chrono Boost)  
  34  3:43  Probe (Chrono Boost)  
  34  3:45  Sentry  
  34  3:47  Observer  
  39  3:53  Probe x2 (Chrono Boost)  
  39  3:55  Stargate  
  41  3:58  Gateway  
  41  4:04  Probe (Chrono Boost)  
  41  4:06  Forge  
  41  4:07  Probe (Chrono Boost)  
  43  4:13  Observer  
  43  4:15  Probe (Chrono Boost)  
  45  4:17  Probe (Chrono Boost)  
  46  4:27  Probe (Chrono Boost)  
  46  4:29  Probe (Chrono Boost)  
  48  4:34  Pylon  
  48  4:37  Probe (Chrono Boost)  
  48  4:38  Probe (Chrono Boost)  
  49  4:39  Phoenix  
  49  4:40  Observer  
  49  4:41  Protoss Ground Weapons Level 1 (Chrono Boost)  
  53  4:48  Probe  
  53  4:51  Sentry  
  56  4:55  Probe  
  56  4:57  Twilight Council  
  57  5:00  Probe  
  57  5:04  Phoenix  
  57  5:06  Probe  
  61  5:14  Probe  
  61  5:20  Probe  
  63  5:29  Phoenix  
  63  5:33  Probe x2  
  63  5:35  Pylon  
  67  5:37  Stalker  
  67  5:38  Pylon  
  69  5:43  Pylon  
  69  5:44  Photon Cannon  
  69  5:56  Stalker  
  71  6:07  Phoenix  
  71  6:10  Probe  
  74  6:14  Probe  
  74  6:15  Photon Cannon  
  74  6:17  Photon Cannon  
  75  6:23  Probe  
  76  6:34  Phoenix  
  76  6:39  Nexus  
  78  6:43  Pylon  
  78  6:46  Stalker x2, Pylon  
  82  6:47  Blink  
  82  6:48  Protoss Ground Weapons Level 2 (Chrono Boost)  
  82  6:52  Photon Cannon  
  82  6:54  Pylon  
  82  6:59  Phoenix (Chrono Boost)  
  82  7:04  Probe  
  82  7:05  Photon Cannon  
  82  7:07  Gateway  
  82  7:08  Gateway  
  83  7:13  Pylon  
  83  7:15  Probe  
  83  7:29  Probe  
  84  7:32  Fleet Beacon  
  84  7:34  Probe  
  84  7:37  Protoss Air Weapons Level 1 (Chrono Boost)  
  85  7:40  Photon Cannon  
  85  7:41  Probe  
  86  7:44  Photon Cannon  
  86  7:45  Probe  
  86  7:48  Pylon  
  87  7:52  Assimilator  
  87  7:54  Probe  
  87  7:55  Probe  
  87  7:57  Phoenix (Chrono Boost), Assimilator  
  91  8:08  Templar Archives  
  91  8:11  Pylon  
  91  8:16  Phoenix (Chrono Boost)  
  91  8:17  Anion Pulse-Crystals (Chrono Boost)  
  93  8:29  Stalker x2  
  93  8:30  Stalker x2  
  100  8:38  Phoenix  
  100  8:39  Protoss Ground Weapons Level 3  
  102  8:48  Psionic Storm  
  102  8:53  Zealot x3  
  102  8:54  Zealot  
  110  9:00  Phoenix  
  112  9:16  Probe x2  
  115  9:17  Probe  
  115  9:19  Nexus  
  115  9:21  Pylon  
  115  9:37  Stalker x4  
  123  9:45  Photon Cannon  
  123  9:47  Pylon  
  123  9:48  Gateway  
  123  9:49  Gateway  
  123  9:52  Gateway  
  123  9:54  Assimilator  
  123  10:00  Probe x2, Assimilator  
  123  10:04  Phoenix, Photon Cannon x2  
  123  10:05  Pylon  
  125  10:09  Charge (Chrono Boost)  
  125  10:13  Photon Cannon  
  127  10:19  Gateway  
  127  10:24  High Templar x2  
  127  10:25  High Templar x2  
  135  11:02  Zealot x4  
  141  11:25  Archon  
  126  11:45  Stalker x5  
  136  12:12  Stalker  
  136  12:13  Stalker x4  
  104  13:03  Stalker  
  104  13:04  Stalker x7  
Tags
 
Add a new tag
Caveats
  • Supply blocks, unpowered buildings, or Contaminate may cause inaccurate times.
  • Supply counts are checked every 10 seconds.